 Dungeon Crawl Stone Soup version 0.27.1-1-g398f81649c (webtiles) character file.

Game seed: 13255816280578118600

244308 nxtlvl the Phalangite (level 18, -7/174 HPs)
             Began as a Minotaur Abyssal Knight on Sept 15, 2021.
             Was the Champion of Lugonu.
             Mangled by an azure jelly (36 damage)
             ... on level 6 of the Lair of Beasts.
             The game lasted 03:53:57 (17516 turns).

nxtlvl the Phalangite (Minotaur Abyssal Knight)    Turns: 17516, Time: 03:53:58

Health: -7/174     AC:  8    Str: 27    XL:     18   Next: 73%
Magic:  26/26      EV: 11    Int:  9    God:    Lugonu [******]
Gold:   926        SH:  0    Dex: 11    Spells: 17/17 levels left

rFire    + . .     SeeInvis .   a - +7 bardiche (distort)
rCold    . . .     Faith    .   (shield currently unavailable)
rNeg     . . .     Spirit   .   (no armour)
rPois    .         Reflect  .   (helmet restricted)
rElec    +         Harm     .   (no cloak)
rCorr    +         Rampage  ∞   d - +2 pair of gloves {Str+3}
Will     +....                  e - +3 pair of seven-league boots {Rampage+∞}
Stlth    +.........             z - amulet of regeneration
HPRegen  1.39/turn              l - ring "Afolatiga" {rElec rCorr Slay+2}
MPRegen  0.20/turn              o - +4 ring of slaying

@: about to teleport
A: horns 2, retaliatory headbutt, fangs 1, fire resistance 1
}: 2/15 runes: serpentine, barnacled
a: Renounce Religion, Depart the Abyss, Bend Space, Banish, Corrupt, Enter the
Abyss


You were on level 6 of the Lair of Beasts.
You worshipped Lugonu.
Lugonu was exalted by your worship.
You visited 8 branches of the dungeon, and saw 35 of its levels.
You visited the Abyss 2 times.
You also visited: Bailey, Gauntlet and Wizlab.

You collected 3965 gold pieces.
You spent 3039 gold pieces at shops.

Inventory:

Hand Weapons
 a - a +7 bardiche of distortion (weapon)
 b - a +4 triple crossbow of flaming
 A - the +8 Wrath of Trog {antimagic, *Rage Rampage}
   (You found it on level 2 of the Vaults)

   It reduces the magical energy of the wielder, and disrupts the spells and
   magical abilities of those it strikes.
   Natural abilities and divine invocations are not affected.
   It causes slowness and exhaustion when equipped.
   It extends the wielder's berserk rage when killing foes.
   *Rage:     It may make you go berserk in combat.
   Rampage:   It bestows one free step when moving towards enemies.
 B - a +2 battleaxe of distortion
Missiles
 q - 4 curare-tipped darts
 v - 4 boomerangs of dispersal
 D - 502 bolts
 W - 3 throwing nets
Armour
 c - a +2 crystal plate armour
 d - a +2 pair of gloves of strength (worn)
 e - the +3 pair of seven-league boots (worn) {Rampage+∞}
   (You found it on level 4 of the Shoals)

   Its wearer moves as far as possible in that direction when moving towards
   enemies.
 C - +0 ice dragon scales
Jewellery
 k - the ring "Xurexut" {Str+6 SInv}
   (You found it in a Gauntlet)

   [ring of see invisible]

   Str:       It affects your strength (+6).
   SInv:      It lets you see invisible.
 l - the ring "Afolatiga" (left hand) {rElec rCorr Slay+2}
   (You found it on level 1 of the Shoals)

   [ring of resist corrosion]

   Slay:      It affects your accuracy & damage with ranged weapons and melee
   (+2).
   rElec:     It insulates you from electricity.
   rCorr:     It protects you from acid and corrosion.
 o - a +4 ring of slaying (right hand)
 p - a ring of poison resistance
 x - the amulet "Rulol" {Reflect rF+ rCorr Dex-5 SH+5 SInv}
   (You found it on level 3 of the Elven Halls)

   [amulet of reflection]

   It reflects blocked missile attacks.
   Dex:       It affects your dexterity (-5).
   rF:        It protects you from fire.
   SInv:      It lets you see invisible.
   rCorr:     It protects you from acid and corrosion.
   SH:        It affects your SH (+5).
 z - an amulet of regeneration (around neck)
 L - a ring of protection from fire
 O - the ring "Tefuthe" {rF+ Str+2 Dex+6}
   (You found it in a Gauntlet)

   [ring of dexterity]

   Str:       It affects your strength (+2).
   Dex:       It affects your dexterity (+6).
   rF:        It protects you from fire.
 P - a ring of willpower
 X - an amulet of the acrobat
Wands
 j - a wand of flame (43)
 G - a wand of mindburst (27)
 I - a wand of paralysis (64)
 J - a wand of iceblast (33)
 M - a wand of digging (9)
 Q - a wand of acid (8)
Scrolls
 f - 4 scrolls of vulnerability
 h - 8 scrolls of magic mapping
 n - 2 scrolls of fear
 u - 9 scrolls of fog
 y - 2 scrolls of silence
 E - 3 scrolls of blinking
 F - 6 scrolls of teleportation
 R - a scroll of torment
 T - a scroll of summoning
 Y - 6 scrolls of enchant armour
Potions
 i - a potion of invisibility
 m - 4 potions of mutation
 r - 12 potions of curing
 s - 6 potions of haste
 t - 5 potions of heal wounds
 H - 2 potions of attraction
 K - 2 potions of cancellation
 S - 5 potions of magic
 V - 4 potions of might
 Z - 2 potions of flight
Miscellaneous
 g - a tin of tremorstones (2/2)
 w - a phantom mirror
 N - a condenser vane
 U - a lightning rod (4/4)


   Skills:
 + Level 18.9 Fighting
 * Level 24.0 Polearms
 + Level 18.7 Armour
 - Level 1.1 Dodging
 - Level 13.0 Invocations


You had 17 spell levels left.
You didn't know any spells.
Your spell library contained the following spells:

 Spells                   Type           Power      Damage    Failure   Level
 Animate Skeleton         Necr           0%         N/A       38%         1
 Beastly Appendage        Tmut           0%         N/A       38%         1
 Corona                   Hex            0%         N/A       38%         1
 Magic Dart               Conj           0%         1d3       38%         1
 Pain                     Necr           0%         1d4       38%         1
 Sting                    Tmut/Pois      0%         1d3       38%         1
 Call Imp                 Summ           0%         N/A       52%         2
 Corpse Rot               Necr/Air       N/A        N/A       52%         2
 Ensorcelled Hibernation  Hex/Ice        0%         N/A       52%         2
 Poisonous Vapours        Pois/Air       0%         N/A       52%         2
 Slow                     Hex            0%         N/A       52%         2
 Wereblood                Tmut           0%         N/A       52%         2
 Confusing Touch          Hex            0%         N/A       77%         3
 Dazzling Flash           Conj/Hex       0%         N/A       77%         3
 Mephitic Cloud           Conj/Pois/Air  0%         N/A       77%         3
 Ozocubu's Armour         Ice            0%         N/A       77%         3
 Spider Form              Tmut/Pois      0%         N/A       77%         3
 Stone Arrow              Conj/Erth      0%         3d7       77%         3
 Swiftness                Air            0%         N/A       77%         3
 Tukima's Dance           Hex            0%         N/A       77%         3
 Vampiric Draining        Necr           0%         2d6       77%         3
 Airstrike                Air            0%         N/A       99%         4
 Cause Fear               Hex            0%         N/A       99%         4
 Dispel Undead            Necr           0%         3d6       99%         4
 Olgreb's Toxic Radiance  Pois           0%         N/A       99%         4
 Passage of Golubria      Tloc           N/A        N/A       99%         4
 Summon Lightning Spire   Summ/Air       0%         N/A       99%         4
 Agony                    Necr           0%         N/A       100%        5
 Alistair's Intoxication  Tmut/Pois      0%         N/A       100%        5
 Bolt of Magma            Conj/Fire/Erth 0%         4d4       100%        5
 Borgnjor's Vile Clutch   Necr/Erth      0%         N/A       100%        5
 Fireball                 Conj/Fire      0%         3d3       100%        5
 Lightning Bolt           Conj/Air       0%         1d11      100%        5
 Silence                  Hex/Air        0%         N/A       100%        5
 Yara's Violent Unravell  Hex/Tmut       0%         3d3       100%        5
 Death Channel            Necr           0%         N/A       100%        6
 Eringya's Noxious Bog    Tmut/Pois      0%         N/A       100%        6
 Shadow Creatures         Summ           N/A        N/A       100%        6
 Starburst                Conj/Fire      0%         6d3       100%        6
 Dragon Form              Tmut           0%         N/A       100%        7
 Monstrous Menagerie      Summ           0%         N/A       100%        7
 Spellforged Servitor     Conj/Summ      0%         N/A       100%        7
 Storm Form               Tmut/Air       0%         N/A       100%        7
 Borgnjor's Revivificati  Necr           0%         N/A       100%        8
 Ignition                 Fire           0%         3d3       100%        8
 Maxwell's Capacitive Co  Air            0%         ∞         100%        8
 Necromutation            Tmut/Necr      0%         N/A       100%        8
 Chain Lightning          Conj/Air       0%         N/A       100%        9
 Death's Door             Necr           0%         N/A       100%        9
 Dragon's Call            Summ           0%         N/A       100%        9
 Shatter                  Erth           0%         3d5*      100%        9


Dungeon Overview and Level Annotations

Branches:
Dungeon (13/15)              Lair (6/6) D:11         Shoals (4/4) Lair:3
  Snake (4/4) Lair:3        Slime (1/5) Lair:6          Orc (2/2) D:10
    Elf (3/3) Orc:2        Vaults (2/5) D:13          Crypt (0/3) Vaults:2
 Bailey (visited)          WizLab (visited)         Gauntlet (visited)
 Temple: D:4-7

Altars:
Ashenzari
Cheibriados
Fedhas
Kikubaaqudgha
Makhleb
Nemelex Xobeh
Qazlal
Sif Muna
Uskayaw
Vehumet
Xom
Jiyva
Lugonu

Shops:
D:1 ?   D:12 [   Orc:2 [?*[   Elf:2 [   Snake:2 (   Vaults:1 !   Vaults:2 !

Portals:
Abyss: Shoals:3

Annotations:
Shoals:3 1 runed translucent door
Snake:2 Saint Roka
Snake:4 corrupted
Elf:3 corrupted
Abyss:1 Suk Xiy's ghost, journeyman DrTm


Innate Abilities, Weirdness & Mutations

You have a pair of horns on your head.
You reflexively headbutt those who attack you in melee.
You have very sharp teeth.
Your flesh is heat resistant. (rF+)


Message History

The large slime creature is severely wounded.
A large slime creature splits.
The slime creature hits you but does no damage.
The azure jelly completely misses you. You furiously retaliate!
You headbutt the azure jelly! The azure jelly barely misses you.
The azure jelly hits you but does no damage. x2
The slime creature hits you.
You slice the slime creature!!
You kill the slime creature!
Lugonu accepts your kill.
The azure jelly hits you but does no damage. x4
The slime creature hits you but does no damage. x2
Unknown command.
You chop the slime creature into pieces!!!
You kill the slime creature!
Lugonu accepts your kill.
The slime creature hits you but does no damage.
The azure jelly completely misses you. The azure jelly hits you.
The azure jelly freezes you!!! The azure jelly barely misses you.
The azure jelly hits you but does no damage.
Blink to where?
Press: ? - help, Dir - move target
As you read the scroll of blinking, it crumbles to dust.
As you close the door, it creaks loudly!
Okay, then.
You start removing your armour.
You continue taking off your +2 crystal plate armour. x4
You hear a slurping noise.
The azure jelly eats the door!
You finish taking off your +2 crystal plate armour.
Unknown command.
As you read the scroll of teleportation, it crumbles to dust.
You feel strangely unstable.
The slime creature quivers.
The azure jelly hits you. The azure jelly freezes you!!
* * * LOW HITPOINT WARNING * * *
The azure jelly hits you!
* * * LOW HITPOINT WARNING * * *
The azure jelly freezes you!!!
You die...

##..# ##.[#.# ##.....###.. #..##
##...###.#.....###^ #####...###
#.#..##.#....## ##
####..###.....##.....#.......## #
#.....##.....P........#...P...###
#....P...........#......#..#...#
##....P...#####....###P.####.....
.##......# ##...###### ##....
.........#######@.#.# #.....
###.#....##.._JJ...## ###P.... #
######.##.>.##÷P## #P....P#
#.##.J.##..# ##P.####
#.#######..# ##.#### #..#####...#
####.# ##......##P# #... ####...#
## #.#. ##.## # ##


You could see an azure jelly and 2 slime creatures.

Vanquished Creatures
  An ancient lich (WizLab)
  Asterion (Vaults:1)
  A deep elf master archer (Elf:3)
  Kirke (Lair:5)
  The ghost of pkoi the Brawler, a journeyman TrMo of Okawaru (Shoals:1)
  2 deep elf sorcerers (Elf:3)
  2 vault wardens (Vaults:2)
  Aizul (Vaults:2)
  3 deep elf elementalists (Elf:3)
  3 ironbound preservers
  A stone giant (Orc:2)
  A deep elf demonologist (Elf:3)
  2 deep elf annihilators (Elf:3)
  A minotaur (Gauntlet)
  A dire elephant (Vaults:2)
  Snorg (D:11)
  4 merfolk javelineers (Shoals:4)
  7 merfolk impalers
  5 vault guards
  3 yaktaur captains
  A hell beast (Gauntlet)
  2 boulder beetles
  A salamander tyrant (Snake:2)
  4 alligator snapping turtles
  3 naga warriors
  9 centaur warriors
  An ironbound frostheart (Vaults:2)
  2 ogre magi (Orc:2)
  4 anacondas
  10 two-headed ogres
  2 dancing weapons
  3 satyrs
  3 merfolk aquamancers
  4 death yaks (Lair:6)
  6 naga sharpshooters (Snake:3)
  2 shock serpents (Snake:4)
  An ironbound beastmaster (Vaults:2)
  4 deep elf knights
  3 skeletal warriors
  2 salamander mystics (Snake:2)
  A death drake (shapeshifter) (Elf:2)
  9 sea snakes
  7 deep trolls
  4 naga ritualists
  3 starcursed masses (Abyss:3)
  5 deep elf archers
  8 lindwurms
  13 harpies
  2 ironbound convokers (Vaults:2)
  7 mana vipers
  3 orc knights
  14 deep elf pyromancers
  22 fauns
  An orc sorcerer (D:13)
  11 deep elf zephyrmancers
  2 moths of wrath (Lair:2)
  An ugly thing (D:11)
  2 tengu skeletons (Vaults:2)
  A moth of wrath (shapeshifter) (Vaults:2)
  5 cyclopes
  An iron dragon skeleton (Vaults:2)
  8 manticores
  A fire giant skeleton (Vaults:2)
  8 salamanders
  5 merfolk sirens
  An apocalypse crab (Shoals:3)
  24 black mambas
  A sphinx skeleton (Vaults:2)
  5 water nymphs
  A gargoyle (D:13)
  19 elephants
  13 cane toads
  A minotaur zombie (Gauntlet)
  7 naga magi
  3 vault sentinels (Vaults:2)
  A torpor snail (Gauntlet)
  4 rime drakes
  2 efreet
  A yaktaur (shapeshifter) (D:11)
  8 yaktaurs
  2 kobold demonologists (Bailey)
  6 human skeletons (Vaults:2)
  7 komodo dragons
  A tengu conjurer (D:13)
  11 trolls
  9 wind drakes
  6 polar bears
  19 merfolk
  6 hornets (Lair:6)
  9 blink frogs
  12 slime creatures
  23 dream sheep
  9 snapping turtles
  4 elf skeletons (Vaults:2)
  3 air elementals (Elf:3)
  A wyvern (shapeshifter) (D:13)
  2 wraiths
  15 water elementals
  4 vampires (WizLab)
  A human (D:13)
  14 spriggans (Lair:6)
  5 hogs (Lair:5)
  An ettin skeleton (Vaults:2)
  3 fire elementals
  25 yaks
  8 vampire mosquitoes
  5 basilisks
  Grum (D:11)
  A steam dragon (D:8)
  5 wargs (Orc:2)
  15 nagas (Snake:3)
  3 acid dragons
  An ogre skeleton (Vaults:2)
  5 hell hounds (Gauntlet)
  26 water moccasins
  4 black bears
  30 orc warriors
  An ice beast (D:7)
  20 ogres (Orc:2)
  19 wolves
  A necrophage (D:5)
  3 boggarts (Lair:6)
  A kobold brigand (D:7)
  6 bullfrogs
  A wyvern zombie (D:8)
  2 gnoll sergeants
  A scorpion (D:5)
  An earth elemental (Elf:2)
  A wyvern skeleton (D:7)
  4 killer bees (D:8)
  4 troll zombies (WizLab)
  5 wights (WizLab)
  7 howler monkeys
  3 electric eels (Bailey)
  2 centaur zombies
  3 hounds
  16 orc priests
  A jelly (D:7)
  A centaur skeleton (D:7)
  Terence (D:2)
  Jessica (D:2)
  An iguana (D:7)
  7 hell rats (Lair:5)
  15 orc wizards
  A killer bee zombie (D:7)
  3 ogre zombies (WizLab)
  Robin (D:3)
  A howler monkey skeleton (D:7)
  2 adders
  11 gnolls
  An ufetubus (D:6)
  A worm (D:5)
  A dart slug (D:3)
  103 orcs
  4 bats
  4 endoplasms (D:1)
  22 goblins
  16 hobgoblins
  8 jackals
  A quokka (D:1)
  3 ball pythons
  6 frilled lizards
  15 kobolds
  3 rats (D:1)
981 creatures vanquished.

Vanquished Creatures (others)
  A deep elf blademaster (Elf:3)
  2 deep elf master archers (Elf:3)
  An ancient champion (WizLab)
  3 nagarajas (Snake:4)
  3 deep elf sorcerers (Elf:3)
  3 deep elf elementalists (Elf:3)
  6 deep elf demonologists (Elf:3)
  3 deep elf annihilators (Elf:3)
  5 deep elf death magi (Elf:3)
  A salamander tyrant (Snake:4)
  2 naga sharpshooters (Snake:4)
  A deep elf knight (Elf:3)
  5 skeletal warriors (WizLab)
  2 deep elf archers (Elf:3)
  A deep elf zephyrmancer (Elf:3)
  A salamander (Snake:4)
  5 deep elf pyromancers (Elf:3)
  A naga mage (Snake:4)
  2 guardian serpents (Snake:4)
  3 nagas (Snake:4)
  4 troll zombies (WizLab)
  3 ogre zombies (WizLab)
  27 fungi
  162 plants
247 creatures vanquished.

Grand Total: 1228 creatures vanquished

Notes
Turn   | Place    | Note
-------+----------+-------------------------------------------
     0 | Abyss:1  | nxtlvl the Minotaur Abyssal Knight began the quest for the
                  | Orb.
     0 | Abyss:1  | Reached XP level 1. HP: 19/19 MP: 1/1
    72 | Abyss:1  | Found a corrupted altar of Lugonu.
    79 | D:1      | Escaped the Abyss
   141 | D:2      | Noticed Terence
   180 | D:1      | Reached skill level 3 in Polearms
   207 | D:1      | Reached XP level 2. HP: 26/26 MP: 2/2
   272 | D:1      | Reached skill level 4 in Polearms
   290 | D:1      | Found Foch's Magic Scroll Shoppe.
   293 | D:1      | Bought a scroll of identify for 22 gold pieces
   300 | D:1      | Reached ** piety under Lugonu
   324 | D:1      | Reached XP level 3. HP: 26/31 MP: 3/3
   377 | D:2      | Found a faded altar of an unknown god.
   447 | D:2      | Noticed Jessica
   454 | D:2      | Killed Jessica
   455 | D:2      | Reached skill level 5 in Polearms
   455 | D:2      | Reached XP level 4. HP: 39/39 MP: 4/4
   504 | D:2      | Killed Terence
   513 | D:2      | Found a shimmering altar of Xom.
   619 | D:3      | Reached skill level 6 in Polearms
   726 | D:3      | Reached *** piety under Lugonu
   734 | D:3      | Noticed Robin
   736 | D:3      | Reached XP level 5. HP: 35/45 MP: 5/5
   793 | D:3      | Killed Robin
   901 | D:5      | Entered Level 5 of the Dungeon
   924 | D:5      | Reached skill level 7 in Polearms
   924 | D:5      | Reached XP level 6. HP: 52/52 MP: 6/6
  1132 | D:6      | Noticed a water moccasin
  1142 | D:6      | Reached XP level 7. HP: 51/60 MP: 7/7
  1154 | D:6      | Reached skill level 5 in Fighting
  1154 | D:6      | Reached skill level 8 in Polearms
  1232 | D:6      | You fall into a shaft and drop 3 floors!
  1276 | D:8      | Reached **** piety under Lugonu
  1395 | D:8      | Found a burning altar of Makhleb.
  1399 | D:8      | Found a hide-covered altar of Uskayaw.
  1399 | D:8      | Found a blossoming altar of Fedhas.
  1400 | D:8      | Found a shimmering blue altar of Sif Muna.
  1403 | D:8      | Found a snail-covered altar of Cheibriados.
  1449 | D:8      | Reached skill level 5 in Armour
  1452 | D:8      | Reached skill level 9 in Polearms
  1461 | D:8      | Reached XP level 8. HP: 22/70 MP: 8/8
  1494 | D:8      | Found a flagged portal.
  1610 | D:8      | Found a sparkling altar of Nemelex Xobeh.
  1942 | Bailey   | Entered a bailey
  2018 | Bailey   | Reached ***** piety under Lugonu
  2040 | Bailey   | Found an iron altar of Okawaru.
  2040 | Bailey   | Noticed a kobold demonologist
  2040 | Bailey   | Noticed a kobold demonologist
  2080 | Bailey   | Killed a kobold demonologist
  2081 | Bailey   | Reached skill level 10 in Polearms
  2108 | Bailey   | Noticed an ice devil
  2112 | Bailey   | Killed a kobold demonologist
  2241 | Bailey   | Reached skill level 10 in Fighting
  2241 | Bailey   | Reached skill level 11 in Polearms
  2241 | Bailey   | Reached XP level 9. HP: 86/86 MP: 9/12
  2302 | Bailey   | Reached skill level 10 in Armour
  2302 | Bailey   | Reached XP level 10. HP: 53/94 MP: 13/13
  2358 | Bailey   | Acquired the ring "Xylof" {*Slow rPois rCorr Str+6}
  2388 | Bailey   | Noticed an orc knight
  2430 | Bailey   | Killed an orc knight
  2448 | Bailey   | Reached skill level 12 in Polearms
  2639 | D:7      | Found a broken altar of Ashenzari.
  2872 | D:7      | Noticed a manticore
  2882 | D:7      | Killed a manticore
  3193 | D:9      | Found an ancient bone altar of Kikubaaqudgha.
  3327 | D:9      | Noticed a skeletal warrior
  3437 | D:9      | Killed a skeletal warrior
  3566 | D:9      | Noticed a skeletal warrior
  3566 | D:9      | Noticed a skeletal warrior
  3578 | D:10     | Entered Level 10 of the Dungeon
  3633 | D:10     | Found a stormy altar of Qazlal.
  3885 | D:10     | Reached XP level 11. HP: 73/102 MP: 15/15
  3941 | D:10     | Found a staircase to the Orcish Mines.
  4004 | D:10     | Noticed a lindwurm
  4004 | D:10     | Noticed a lindwurm
  4018 | D:10     | Noticed a lindwurm
  4020 | D:10     | Noticed a lindwurm
  4117 | D:10     | Killed a lindwurm
  4118 | D:10     | Reached skill level 13 in Polearms
  4129 | D:10     | Killed a lindwurm
  4140 | D:10     | Killed a lindwurm
  4153 | D:10     | Killed a lindwurm
  4198 | D:10     | Gained mutation: Your flesh is heat resistant. (rF+)
                  | [potion of mutation]
  4198 | D:10     | Gained mutation: Your muscles are strong. (Str +2) [potion
                  | of mutation]
  4198 | D:10     | Gained mutation: You tend to lose your temper in combat.
                  | [potion of mutation]
  4198 | D:10     | Gained mutation: You have sharp toenails. [potion of
                  | mutation]
  4458 | D:11     | Noticed a boulder beetle
  4481 | D:11     | Killed a boulder beetle
  4642 | D:11     | Noticed a purple ugly thing
  4652 | D:11     | Killed a purple ugly thing
  4873 | D:11     | Noticed Snorg
  4882 | D:11     | Killed Snorg
  4883 | D:11     | Reached skill level 14 in Polearms
  4926 | D:11     | Noticed Grum
  4936 | D:11     | Killed Grum
  5063 | D:11     | Noticed a two-headed ogre
  5071 | D:11     | Killed a two-headed ogre
  5090 | D:11     | Reached XP level 12. HP: 100/112 MP: 17/17
  5112 | D:11     | Found a staircase to the Lair.
  5131 | Lair:1   | Entered Level 1 of the Lair of Beasts
  5347 | Lair:2   | Noticed an eight-headed hydra
  5392 | Lair:1   | Noticed a seven-headed hydra
  5393 | Lair:1   | Banished a seven-headed hydra
  5562 | Lair:2   | Banished an 11-headed hydra
  5596 | Lair:2   | Found a transporter.
  5601 | Lair:2   | Noticed Suk Xiy's ghost (journeyman DrTm)
  5621 | Lair:2   | Found a transporter.
  5764 | Lair:2   | Reached skill level 15 in Polearms
  5874 | Lair:3   | Reached ****** piety under Lugonu
  5921 | Lair:3   | Found a staircase to the Snake Pit.
  6225 | Lair:3   | Found a staircase to the Shoals.
  6239 | Lair:3   | Noticed an eight-headed hydra
  6242 | Lair:3   | Banished an eight-headed hydra
  6333 | Lair:4   | Noticed a five-headed hydra
  6337 | Lair:4   | Banished a five-headed hydra
  6413 | Lair:4   | Reached XP level 13. HP: 115/122 MP: 18/18
  6439 | Lair:4   | Reached skill level 16 in Polearms
  6532 | Lair:6   | Entered Level 6 of the Lair of Beasts
  6980 | Lair:6   | Reached skill level 10 in Invocations
  7058 | Lair:6   | Reached skill level 17 in Polearms
  7305 | Lair:6   | Reached XP level 14. HP: 116/132 MP: 20/20
  7342 | Lair:6   | Found a viscous altar of Jiyva.
  7342 | Lair:6   | Found a staircase to the Slime Pits.
  7599 | Lair:5   | Reached skill level 18 in Polearms
  7618 | Lair:5   | Noticed Kirke
  7629 | Lair:5   | Killed Kirke
  7944 | D:10     | Identified a +3 bardiche of distortion (a +1 bardiche of
                  | protection corrupted by Lugonu)
  7944 | D:10     | Received a gift from Lugonu
  7981 | Orc:1    | Entered Level 1 of the Orcish Mines
  8109 | Orc:2    | Entered Level 2 of the Orcish Mines
  8109 | Orc:2    | Found Wufemm's Magic Scroll Shoppe.
  8223 | Orc:2    | Noticed a stone giant
  8231 | Orc:2    | Killed a stone giant
  8340 | Orc:2    | Found Hoso's Armour Shoppe.
  8349 | Orc:2    | Found Toizanna's Assorted Antiques.
  8354 | Orc:2    | Found Raolit's Antique Armour Emporium.
  8360 | Orc:2    | Reached skill level 15 in Fighting
  8384 | Orc:2    | Bought a pair of glowing boots for 285 gold pieces
  8519 | Orc:2    | Reached skill level 19 in Polearms
  8580 | Orc:2    | Reached skill level 15 in Armour
  8663 | Orc:2    | Bought a scroll of teleportation for 36 gold pieces
  8663 | Orc:2    | Bought a scroll of magic mapping for 42 gold pieces
  8668 | Orc:2    | Bought a +2 crystal plate armour for 1380 gold pieces
  8769 | Orc:1    | Found a burning altar of Makhleb.
  8813 | Orc:2    | Bought a scroll of fear for 42 gold pieces
  8813 | Orc:2    | Bought a scroll of identify for 24 gold pieces
  8813 | Orc:2    | Bought a scroll of identify for 24 gold pieces
  8813 | Orc:2    | Bought a scroll of enchant armour for 90 gold pieces
  8813 | Orc:2    | Bought a scroll of noise for 12 gold pieces
  9004 | Lair:2   | Reached XP level 15. HP: 141/141 MP: 17/21
  9011 | Lair:2   | Banished Suk Xiy's ghost
  9013 | Lair:2   | Identified the ring of Egagyo Asmaxt {Drain Int+5 Slay+4}
  9093 | Lair:3   | Lost mutation: Your muscles are strong. (Str +2) [potion of
                  | mutation]
  9093 | Lair:3   | Lost mutation: You have sharp toenails. [potion of
                  | mutation]
  9093 | Lair:3   | Lost mutation: You tend to lose your temper in combat.
                  | [potion of mutation]
  9093 | Lair:3   | Gained mutation: You tend to lose your temper in combat.
                  | [potion of mutation]
  9093 | Lair:3   | Gained mutation: You have very sharp teeth. [potion of
                  | mutation]
  9093 | Lair:3   | Lost mutation: You tend to lose your temper in combat.
                  | [potion of mutation]
  9096 | Snake:1  | Entered Level 1 of the Snake Pit
  9177 | Snake:1  | Identified the +2 rapier of Qazlal's Esteem {drain, Int+2}
  9193 | Snake:2  | Found Hetzozokh's Antique Weapon Shoppe.
  9199 | Snake:2  | Noticed a nagaraja
  9204 | Snake:2  | Banished a nagaraja
  9682 | Snake:2  | Noticed Saint Roka
  9878 | Snake:3  | Reached skill level 20 in Polearms
  9889 | Snake:3  | Noticed a nagaraja
  9905 | Snake:3  | Banished a nagaraja
 10454 | Snake:4  | Entered Level 4 of the Snake Pit
 10609 | Snake:4  | Reached XP level 16. HP: 152/152 MP: 22/22
 10693 | Snake:4  | Corrupted Snake:4
 10693 | Snake:4  | Noticed an Executioner
 10733 | Snake:4  | Got a serpentine rune of Zot
 11086 | D:12     | Found a shimmering blue altar of Sif Muna.
 11190 | D:13     | Found a radiant altar of Vehumet.
 11226 | D:13     | Reached skill level 21 in Polearms
 11226 | D:13     | Found a gate leading to a gauntlet.
 11246 | Gauntlet | Entered a Gauntlet
 11246 | Gauntlet | Found a transporter.
 11246 | Gauntlet | Found a transporter.
 11250 | Gauntlet | Found a transporter.
 11259 | Gauntlet | Found a transporter.
 11274 | Gauntlet | Found a transporter.
 11293 | Gauntlet | Found a transporter.
 11301 | Gauntlet | Found a transporter.
 11323 | Gauntlet | Found a transporter.
 11401 | Gauntlet | Found a transporter.
 11420 | Gauntlet | Found a transporter.
 11421 | Gauntlet | Found a transporter.
 11421 | Gauntlet | Found a transporter.
 11431 | Gauntlet | Found a transporter.
 11433 | Gauntlet | Found a transporter.
 11518 | Gauntlet | Found a transporter.
 11532 | Gauntlet | Found a transporter.
 11632 | Gauntlet | Identified the ring "Xurexut" {Str+6 SInv}
 11689 | Gauntlet | Identified the ring "Tefuthe" {rF+ Str+2 Dex+6}
 11731 | Gauntlet | Got the Collected Works on Ice and Weightlessness
 11824 | D:12     | Found Gube's Antique Armour Emporium.
 11826 | D:12     | Bought a tiger eye-encrusted chain mail for 332 gold pieces
 11826 | D:12     | Identified the +1 chain mail of Gehenna {+Blink rN+ Dex-2
                  | Stlth+} (You bought it in a shop on level 12 of the
                  | Dungeon)
 11990 | D:13     | Found a gate to the Vaults.
 11999 | Vaults:1 | Entered Level 1 of the Vaults
 12145 | Vaults:2 | Found a magical portal.
 12154 | WizLab   | Entered Zonguldrok's Shrine
 12230 | WizLab   | Corrupted WizLab
 12230 | WizLab   | Noticed a profane servitor
 12235 | WizLab   | Found the +9 sword of Zonguldrok {reap}
 12236 | WizLab   | Noticed an Executioner
 12293 | WizLab   | Noticed an antique lich
 12304 | WizLab   | Killed an ancient champion
 12308 | WizLab   | Killed an antique lich
 12589 | Vaults:2 | Found Vuq Effy's Distillery.
 12591 | Vaults:2 | Found the +8 Wrath of Trog {antimagic, *Rage Rampage}
 12595 | Vaults:2 | Noticed Asterion
 12610 | Vaults:1 | Killed Asterion
 12785 | Vaults:2 | Reached skill level 22 in Polearms
 12791 | Vaults:2 | Reached XP level 17. HP: 71/162 MP: 24/24
 13050 | Vaults:2 | Noticed Aizul
 13064 | Vaults:2 | Killed Aizul
 13140 | Vaults:2 | Found a staircase to the Crypt.
 13358 | Vaults:2 | Bought 2 potions of curing for 114 gold pieces
 13358 | Vaults:2 | Bought a potion of curing for 57 gold pieces
 13358 | Vaults:2 | Bought a potion of ambrosia for 152 gold pieces
 13358 | Vaults:2 | Bought 2 potions of curing for 114 gold pieces
 13797 | Orc:2    | Found a staircase to the Elven Halls.
 13819 | Elf:1    | Entered Level 1 of the Elven Halls
 13869 | Elf:3    | Entered Level 3 of the Elven Halls
 13985 | Elf:2    | Found Dofara's Antique Armour Shoppe.
 14348 | Elf:3    | Paralysed by an air elemental for 1 turns
 14459 | Elf:3    | Paralysed by an air elemental for 1 turns
 14508 | Elf:3    | Noticed a deep elf blademaster
 14598 | Elf:3    | Noticed a deep elf master archer
 14606 | Elf:3    | Killed a deep elf master archer
 14620 | Elf:3    | Noticed a deep elf master archer
 14638 | Elf:3    | Corrupted Elf:3
 14638 | Elf:3    | Noticed a lich
 14638 | Elf:3    | Noticed a lich
 14638 | Elf:3    | Noticed a bone dragon
 14667 | Elf:3    | Identified the +3 lajatang of the Illusory Towns {vamp,
                  | rF+}
 14675 | Elf:3    | Killed a deep elf master archer
 14689 | Elf:3    | Got The Grimoire of Greatest Risks and Utility
 14717 | Elf:3    | Killed a deep elf master archer
 14724 | Elf:3    | Killed a deep elf blademaster
 14798 | Elf:3    | Identified the amulet "Rulol" {Reflect rF+ rCorr Dex-5 SH+5
                  | SInv}
 14975 | Elf:2    | Bought a fine chain mail for 313 gold pieces
 14975 | Elf:2    | Identified the +1 chain mail of Circular Logic {Rampage
                  | rElec rF- Will+} (You bought it in a shop on level 2 of the
                  | Elven Halls)
 15364 | Shoals:1 | Entered Level 1 of the Shoals
 15419 | Shoals:1 | Reached skill level 23 in Polearms
 15431 | Shoals:1 | Identified the +3 dagger of Currency {freeze, rF+ Str+9
                  | Dex-5}
 15499 | Shoals:1 | Noticed pkoi's ghost (journeyman TrMo)
 15501 | Shoals:1 | Found a transporter.
 15501 | Shoals:1 | Noticed a kraken
 15592 | Shoals:1 | Found a transporter.
 15636 | Shoals:1 | Banished a kraken
 15637 | Shoals:1 | Reached XP level 18. HP: 163/172 MP: 21/26
 15678 | Shoals:1 | Killed pkoi's ghost
 15690 | Shoals:1 | Identified the ring "Afolatiga" {rElec rCorr Slay+2}
 15976 | Shoals:3 | Found a runed translucent door.
 15982 | Shoals:3 | Found a corrupted altar of Lugonu.
 15984 | Shoals:3 | Found a one-way gate to the infinite horrors of the Abyss.
 16051 | Shoals:4 | Entered Level 4 of the Shoals
 16051 | Shoals:4 | Found the +3 pair of seven-league boots {Rampage+∞}
 16491 | Shoals:4 | Cast into level 3 of the Abyss (merfolk impaler)
 16576 | Shoals:4 | Escaped the Abyss
 16981 | Shoals:4 | Got a barnacled rune of Zot
 17476 | Slime:1  | Entered Level 1 of the Pits of Slime
 17488 | Lair:6   | Reached skill level 24 in Polearms
 17516 | Lair:6   | Mangled by an azure jelly

Illustrated notes

Levels and vault maps discovered:
D:1:      psy_arrival_fountain, layout_loops_ring, serial_shops,
          nicolae_shop_window_shopping
D:2:      layout_loops_ring, basic_ecumenical_altar, basic_altar,
          minmay_stone_trees_small, uniq_jessica, uniq_crazy_yiuf_cottage,
          uniq_terence
D:3:      layout_basic, amcnicky_altar_gilded, uniq_robin
D:4:      layout_loops_ring, minmay_temple_entry_waves, uniq_eustachio
D:5:      layout_layer_cave, serial_shops, nicolae_shop_behind_doors
D:6:      layout_basic
D:7:      minmay_inner_zag, layout_rooms, ashenzari_altar_1,
          jmf_multi_god_temple, uniq_harold
D:8:      layout_loops_cross, mainiacjoe_overflow_small_starburst,
          lemuel_coloured_pillars_altar, minitemple, special_room
          [special_room_orc], enter_bailey_5, uniq_erica
D:9:      layout_roguey, mainiacjoe_overflow_alcove_1
D:10:     layout_long_grid, nicolae_qazlal_style_of_elements, david_orc_4,
          serial_rivers, chequers_serial_rivers_micro_b,
          chequers_serial_rivers_micro_c, chequers_serial_rivers_room_b,
          chequers_serial_rivers_micro_e, minmay_lindwurm_lava
D:11:     layout_roguey [special_room_orc], david_lair_generic, serial_glass,
          glass_columns_a, glass_columns_a, glass_columns_c, glass_columns_a,
          glass_columns_a, glass_columns_a, glass_columns_c, glass_columns_c,
          uniq_grum, uniq_snorg
D:12:     layout_basic, serial_shops, shop, lemuel_blue_sif_altar
D:13:     layout_basic, grunt_vaults_entry_fortified, gauntlet_entry_generic,
          minmay_misc_feat_ornament, vehumet_crystals
Lair:1:   layout_roguey, beast_lair_carwin_6
Lair:2:   layout_roguey, gammafunk_ghost_berserking_beasts, lemuel_fruit_tree,
          grunt_megastairs_1
Lair:3:   layout_cave_pods, minmay_shoals_entry_beasts, dummy_snake_entry,
          st_stairs_8, grunt_megastairs_2
Lair:4:   layout_regular_city, beast_lair_carwin_9
Lair:5:   layout_small_grid, uniq_kirke
Lair:6:   minmay_lair_end_enchanted_forest, layout_layer_cave,
          dpeg_slime_entry_enclosed_altar
Shoals:1: layout_shoals, ebering_ghost_davey_jones
Shoals:2: layout_shoals, nzn_prometheus_bound, uniq_ilsuiw
Shoals:3: layout_shoals, nicolae_shoals_abyss_on_the_beach
Shoals:4: shoals_end_grunt_garden, layout_shoals
Snake:1:  layout_cave_pods
Snake:2:  layout_onion, serial_shops, shop, nicolae_snake_salamander_fort,
          uniq_saint_roka
Snake:3:  nicolae_snake_crotalidae_crossing, layout_layer_cave,
          nicolae_snake_gridmaze_squiggle, serial_bayou_shore_b
Snake:4:  grunt_snake_rune_spirals, layout_onion
Slime:1:  layout_caves, cheibrodos_slime_lost_civilization_6
Orc:1:    layout_caves, basic_altar
Orc:2:    st_orc_open, layout_caves, nooodl_orcs_dogs
Elf:1:    eino_elf_arrival_sip, layout_loops_corners, minmay_elf_annihilation
Elf:2:    elven_hall_of_blades_hangedman_original
          [nicolae_blade_entry_area_security], layout_geoelf_grid, serial_shops,
          nicolae_diamond_shop, special_room [special_room_mythical_zoo]
Elf:3:    minmay_elf_hall_quartered_circle, layout_geoelf_octagon
Vaults:1: nicolae_vaults_hallways_thing, vaults_door_vault, v_rooms_3,
          hangedman_vaults_cutoff, nicolae_vaults_border_crossing,
          layout_vaults_chaotic_city
Vaults:2: nicolae_vaults_little_ls, v_misc_1, v_misc_18, hangedman_vaults_slice,
          nicolae_vaults_mini_display_case, vaults_room_grid, v_misc_8,
          v_misc_9, minmay_crypt_entry_skeletal_spiral, layout_vaults_omnigrid,
          serial_shops, nicolae_shop_statue_plus,
          infiniplex_enter_wizlab_glasses, uniq_asterion, uniq_boris, uniq_aizul

Skill      XL: |  1  2  3  4  5  6  7  8  9 10 11 12 13 14 15 16 17 18 |
---------------+-------------------------------------------------------+-----
Polearms       | 3 4 5 6 7 9 11 12 14 15 17 19 20 22 23 24 | 24.0
Fighting       | 4 5 10 11 12 13 14 15 16 17 18 | 18.9
Armour         | 3 4 5 9 10 11 12 13 15 16 17 18 | 18.7
Invocations    | 2 6 7 8 9 10 11 12 13 | 13.0
Dodging        | |  1.1

Action                   |  1- 3 |  4- 6 |  7- 9 | 10-12 | 13-15 | 16-18 || total
-------------------------+-------+-------+-------+-------+-------+-------++-------
Melee: Spear             |    98 |   159 |   304 |       |       |       ||   561
       Headbutt          |     9 |    14 |    40 |   119 |   112 |   178 ||   472
       Unarmed           |       |     4 |       |       |       |       ||     4
       Trident           |       |       |    13 |   435 |       |       ||   448
       Glaive            |       |       |       |   252 |   384 |       ||   636
       Kick              |       |       |       |    78 |   120 |       ||   198
       Bardiche          |       |       |       |       |   471 |  1084 ||  1555
       Bite              |       |       |       |       |    12 |    94 ||   106
 Fire: Shortbow          |       |       |       |    54 |       |       ||    54
Throw: Dart              |       |    18 |     8 |    18 |       |       ||    44
       Boomerang         |       |       |     1 |       |       |       ||     1
Invok: Banish            |       |       |     1 |     6 |     8 |     1 ||    16
       Brand Weapon With |       |       |       |       |     1 |       ||     1
       Corrupt           |       |       |       |       |       |     3 ||     3
       Depart the Abyss  |       |       |       |       |       |     1 ||     1
Evoke: Wand              |       |       |     5 |    15 |     1 |     1 ||    22
  Use: Scroll            |     1 |     2 |     3 |     6 |    12 |    13 ||    37
       Potion            |       |       |     5 |     6 |     5 |     2 ||    18
Armor: Leather armour    |     7 |       |       |       |       |       ||     7
       Plate armour      |    30 |    50 |   127 |   215 |   256 |       ||   678
       Robe              |       |       |       |     1 |       |       ||     1
       Crystal plate arm |       |       |       |       |   232 |   774 ||  1006
Dodge: Dodged            |    15 |    27 |    65 |   154 |   216 |   262 ||   739
Block: Buckler           |       |       |       |     8 |       |       ||     8
